 Dungeon Crawl Stone Soup version 0.23.0 (webtiles) character file.

Game seed: 16547336072381166031

2957 DrEnzyme the Summoner (level 9, -3/66 HPs)
             Began as a Gnoll Summoner on Feb 14, 2019.
             Was a Plaything of Xom.
             Slain by a harpy (6 damage)
             ... on level 9 of the Dungeon.
             The game lasted 01:00:20 (13999 turns).

DrEnzyme the Summoner (Gnoll Summoner)             Turns: 13999, Time: 01:00:21

Health: -3/66      AC: 12    Str:  9 (11) XL:     9   Next: 81%
Magic:  13/19      EV: 15    Int: 19      God:    Xom [.*....]
Gold:   201        SH:  0    Dex: 15      Spells: 11/21 levels left

rFire    + . .     SeeInvis .   H - +2 whip (elec)
rCold    + . .     Gourm    .   (no shield)
rNeg     . . .     Faith    .   d - +2 leather armour {rC+}
rPois    .         Spirit   .   (helmet restricted)
rElec    .         Reflect  .   j - +2 cloak
rCorr    .         Harm     .   (no gloves)
MR       .....                  A - +2 pair of boots
Stlth    +++.......             (no amulet)
HPRegen  0.21/turn              (no ring)
MPRegen  0.16/turn              (no ring)

@: very slightly contaminated
A: distributed training, fangs 1, horns 1, deterioration 1, fire resistance 1,
weak 1, strong nose
a: Renounce Religion


You were on level 9 of the Dungeon.
You worshipped Xom.
You were a plaything of Xom.
You were not hungry.

You visited 2 branches of the dungeon, and saw 11 of its levels.
You also visited: Sewer.

You collected 322 gold pieces.
You spent 121 gold pieces at shops.

Inventory:

Hand Weapons
 u - a +0 blowgun
 H - a +2 whip of electrocution (weapon)
Missiles
 C - 3 javelins (quivered)
 G - 12 poisoned needles
Armour
 a - a +0 robe
 d - a +2 leather armour of cold resistance (worn)
 h - a +0 buckler
 j - a +2 cloak (worn)
 p - the cursed +1 plate armour of Umpo {Str+3 Int+3 SInv, unknown}
   (Xom gifted it to you on level 8 of the Dungeon)

   It affects your strength (+3).
   It affects your intelligence (+3).
   It lets you see invisible.
   It has a curse placed upon it.
 A - a +2 pair of boots (worn)
Magical Staves
 F - an uncursed staff of poison
Jewellery
 v - an uncursed amulet of the acrobat
 w - an uncursed ring of protection from cold
 J - a cursed amulet of inaccuracy {unknown}
Wands
 k - a wand of acid (24)
 t - a wand of flame (13)
 D - a wand of enslavement (2)
Scrolls
 b - a scroll of enchant weapon {unknown}
 g - a scroll of remove curse
 i - a scroll of identify
 m - 3 scrolls of teleportation
 n - a scroll of immolation {unknown}
 y - 2 scrolls of amnesia
 z - a scroll of brand weapon
Potions
 c - a potion of haste {unknown}
 l - 2 potions of magic {unknown}
 o - 2 potions of lignification
 q - 3 potions of heal wounds {unknown}
 r - 3 potions of might
 s - a potion of curing
 x - 2 potions of flight {unknown}
 B - 16 potions of degeneration
 E - a potion of brilliance {unknown}
 I - a potion of mutation
Comestibles
 f - 21 rations


   Skills:
 + Level 4.5 Fighting
 + Level 4.5 Short Blades
 + Level 4.5 Long Blades
 + Level 4.5 Axes
 + Level 4.5 Maces & Flails
 + Level 4.5 Polearms
 + Level 4.5 Staves
 + Level 4.5 Slings
 + Level 4.5 Bows
 + Level 4.5 Crossbows
 + Level 4.5 Throwing
 + Level 4.5 Armour
 + Level 6.5 Dodging
 + Level 6.2 Stealth
 + Level 4.5 Shields
 + Level 4.5 Unarmed Combat
 + Level 6.8 Spellcasting
 + Level 3.7 Conjurations
 + Level 3.7 Hexes
 + Level 3.7 Charms
 + Level 8.1 Summonings
 + Level 3.7 Necromancy
 + Level 3.7 Translocations
 + Level 3.7 Transmutations
 + Level 3.7 Fire Magic
 + Level 3.7 Ice Magic
 + Level 3.7 Air Magic
 + Level 3.7 Earth Magic
 + Level 3.7 Poison Magic
 + Level 5.0 Invocations
 + Level 4.5 Evocations


You had 11 spell levels left.
You knew the following spells:

 Your Spells              Type           Power        Failure   Level  Hunger
a - Summon Small Mammal   Summ           ####         1%          1    None
b - Call Imp              Summ           #####...     1%          2    None
c - Call Canine Familiar  Summ           #####...     1%          3    #......
d - Summon Lightning Spi  Summ/Air       ####....     12%         4    ###....

Your spell library contained the following spells:

 Spells                   Type           Power        Failure   Level  Hunger
 Animate Skeleton         Necr           N/A          3%          1    None
 Pain                     Necr           ###.         3%          1    None
 Summon Guardian Golem    Hex/Summ       ####....     3%          3    #......
 Regeneration             Chrm/Necr      ###.......   9%          3    #......
 Vampiric Draining        Necr           ###.......   9%          3    #......
 Summon Ice Beast         Ice/Summ       ####....     12%         4    ###....
 Animate Dead             Necr           N/A          30%         4    ###....


Dungeon Overview and Level Annotations

Branches:
Dungeon (10/15)            Temple (1/1) D:5            Lair (0/6) D:9
    Orc: D:9-12

Altars:
Ashenzari
Cheibriados
Dithmenos
Elyvilon
Fedhas
Gozag
Hepliaklqana
Kikubaaqudgha
Makhleb
Nemelex Xobeh
Okawaru
Qazlal
Ru
Sif Muna
Trog
Uskayaw
Vehumet
Wu Jian
Xom
Yredelemnul
Zin
The Shining One
Lugonu

Shops:
D:5 !%

Annotations:
D:1 exclusion: downstairs
D:7 1 runed translucent door, exclusion: 2 downstairs
D:8 exclusion: 2 downstairs
D:9 exclusion: 2 downstairs
D:10 Sonja


Innate Abilities, Weirdness & Mutations

Your experience applies equally to all skills.
You have very sharp teeth.
Your uncanny sense of smell can sniff out nearby items.
You have a pair of small horns on your head.
Your body sometimes deteriorates upon taking damage.
Your flesh is heat resistant. (rF+)
You are weak. (Str -2)


Message History

Unknown command.
Evoke which item? (* to show all) (? for menu, Esc to quit)
Aiming: Enslavement
Press: ? - help, Shift-Dir - straight line, f/p - harpy
Aim: a harpy (lightly wounded, chance to defeat MR: 59%)
The harpy resists with significant effort.
The harpy claws you but does no damage. The harpy claws you!
* * * LOW HITPOINT WARNING * * *
Your hound closely misses the harpy.
The harpy completely misses your hound. The harpy claws your hound.
The spiny frog stings your hound!
Your hound dies!
Your hound's corpse disappears in a puff of smoke!
Okay, then.
Blink to where?
Press: ? - help, Dir - move target cursor, p - harpy You are very lightly contaminated with residual magic.
As you read the scroll of blinking, it crumbles to dust.
The harpy claws you.
You die...
Xom roars with laughter!

######## ######
#####......#########.....
##..##......##..........##
#...##......F§.###....###
#.#.##..>.>.######.####
#.........H.## #[F#
#.(......@...# ##.##
#...........>###..#
#(.......###.....#########
#.####.####....##........#
#######.####.####.#.###........#
#.........##.#....#.###.........
#...<.......[...................
#.........##.#######..####.#####
#......O.t#..# ##..###.#


You could see a spiny frog and a harpy.

Vanquished Creatures
  Pikel (D:8)
  A centaur (D:9)
  A howler monkey (D:10)
  A hound (D:6)
  A worker ant (D:7)
  2 adders
  A ball python (D:7)
  2 giant cockroaches
  A goblin (D:3)
  A hobgoblin (D:1)
  2 bats
14 creatures vanquished.

Vanquished Creatures (collateral kills)
  Grinder (D:4)
  A spriggan (D:7)
  2 slaves
  A phantom (D:6)
  8 ogres
  2 ice beasts
  2 sky beasts
  A tengu (D:7)
  3 centaurs
  A crocodile (D:9)
  7 big kobolds
  3 bullfrogs
  A gnoll sergeant (D:10)
  6 killer bees (D:9)
  A scorpion (D:10)
  A howler monkey (D:5)
  2 crimson imps
  2 quasits
  2 bullfrog zombies
  3 hounds
  2 orc priests
  3 jellies
  2 bullfrog skeletons
  A human skeleton (D:7)
  2 iguanas
  4 orc wizards
  7 worker ants
  2 killer bee zombies
  A hound zombie (D:5)
  A hound skeleton (D:8)
  A worker ant zombie (D:9)
  9 adders
  13 gnolls
  2 river rats
  A shadow imp (D:6)
  An adder skeleton (D:9)
  10 worms
  2 dart slugs
  4 leopard geckos
  20 orcs
  5 bats
  4 giant cockroaches
  9 goblins
  8 hobgoblins
  10 jackals
  2 quokkas
  10 ball pythons
  4 frilled lizards
  A goblin skeleton (D:7)
  29 kobolds
  12 rats
232 creatures vanquished.

Vanquished Creatures (others)
  A fungus (D:9)
  A plant (D:5)
2 creatures vanquished.

Grand Total: 248 creatures vanquished

Notes
Turn   | Place    | Note
-------+----------+-------------------------------------------
     0 | D:1      | DrEnzyme the Gnoll Summoner began the quest for the Orb.
     0 | D:1      | Reached XP level 1. HP: 13/13 MP: 6/6
   231 | D:1      | Reached XP level 2. HP: 14/19 MP: 5/7
   235 | D:1      | Learned a level 2 spell: Call Imp
  1492 | D:2      | Found a stormy altar of Qazlal.
  1500 | D:2      | Found a sparkling altar of Nemelex Xobeh.
  1509 | D:2      | Found an ornate altar of the Wu Jian Council.
  1523 | D:2      | Found a hide-covered altar of Uskayaw.
  1547 | D:2      | Reached skill level 5 in Spellcasting
  1547 | D:2      | Reached XP level 3. HP: 25/25 MP: 5/9
  1929 | D:2      | Found a stormy altar of Qazlal.
  1946 | D:2      | Reached skill level 1 in Invocations
  2541 | D:3      | Reached skill level 1 in Fighting
  2541 | D:3      | Reached skill level 1 in Short Blades
  2541 | D:3      | Reached skill level 1 in Long Blades
  2541 | D:3      | Reached skill level 1 in Axes
  2541 | D:3      | Reached skill level 1 in Maces & Flails
  2541 | D:3      | Reached skill level 1 in Polearms
  2541 | D:3      | Reached skill level 1 in Staves
  2541 | D:3      | Reached skill level 1 in Slings
  2541 | D:3      | Reached skill level 1 in Bows
  2541 | D:3      | Reached skill level 1 in Crossbows
  2541 | D:3      | Reached skill level 1 in Throwing
  2541 | D:3      | Reached skill level 1 in Armour
  2541 | D:3      | Reached skill level 1 in Shields
  2541 | D:3      | Reached skill level 1 in Unarmed Combat
  2541 | D:3      | Reached skill level 1 in Evocations
  2610 | D:3      | Reached XP level 4. HP: 32/32 MP: 7/11
  2844 | D:3      | Learned a level 3 spell: Call Canine Familiar
  3063 | D:3      | Found a glowing drain.
  3075 | Sewer    | Entered a sewer
  3094 | Sewer    | Noticed a big kobold
  3110 | Sewer    | Killed a big kobold
  3110 | Sewer    | Reached skill level 1 in Conjurations
  3110 | Sewer    | Reached skill level 1 in Hexes
  3110 | Sewer    | Reached skill level 1 in Charms
  3110 | Sewer    | Reached skill level 1 in Necromancy
  3110 | Sewer    | Reached skill level 1 in Translocations
  3110 | Sewer    | Reached skill level 1 in Transmutations
  3110 | Sewer    | Reached skill level 1 in Fire Magic
  3110 | Sewer    | Reached skill level 1 in Ice Magic
  3110 | Sewer    | Reached skill level 1 in Air Magic
  3110 | Sewer    | Reached skill level 1 in Earth Magic
  3110 | Sewer    | Reached skill level 1 in Poison Magic
  3110 | Sewer    | Reached XP level 5. HP: 33/37 MP: 3/12
  3389 | Sewer    | Noticed a big kobold
  3419 | Sewer    | Killed a big kobold
  3433 | Sewer    | Noticed a big kobold
  3478 | Sewer    | Killed a big kobold
  3639 | Sewer    | Noticed a big kobold
  3656 | Sewer    | Killed a big kobold
  3656 | Sewer    | Reached XP level 6. HP: 35/44 MP: 7/13
  4164 | D:3      | Reached skill level 5 in Dodging
  4213 | D:3      | Found an ancient bone altar of Kikubaaqudgha.
  4215 | D:3      | Found a deep blue altar of Sif Muna.
  4217 | D:3      | Found a radiant altar of Vehumet.
  4225 | D:3      | Identified Sif Muna's Reference Book on Companions
  4232 | D:3      | Learned a level 4 spell: Summon Lightning Spire
  5124 | D:4      | Noticed Grinder
  5163 | D:4      | Killed Grinder
  5163 | D:4      | Reached XP level 7. HP: 50/50 MP: 9/15
  5187 | D:4      | Found a shattered altar of Ashenzari.
  5490 | D:4      | Found a sacrificial altar of Ru.
  5680 | D:5      | Entered Level 5 of the Dungeon
  5956 | D:5      | Reached skill level 5 in Stealth
  6070 | D:5      | Found a staircase to the Ecumenical Temple.
  6081 | Temple   | Entered the Ecumenical Temple
  6208 | D:5      | Reached XP level 8. HP: 45/57 MP: 2/16
  6370 | D:5      | Found Amnaoroe's Distillery.
  6377 | D:5      | Bought a potion of curing for 33 gold pieces
  6377 | D:5      | Bought a potion of mutation for 88 gold pieces
  6378 | D:5      | Gained mutation: You have a pair of small horns on your
                  | head. [potion of mutation]
  6378 | D:5      | Gained mutation: You are weak. (Str -2) [potion of
                  | mutation]
  6378 | D:5      | Gained mutation: Your body sometimes deteriorates upon
                  | taking damage. [potion of mutation]
  6378 | D:5      | Gained mutation: Your flesh is heat resistant. (rF+)
                  | [potion of mutation]
  6994 | D:5      | Found Xinaar's Food Boutique.
  7588 | D:6      | Found a shimmering altar of Xom.
  7589 | D:6      | Found a bloodstained altar of Trog.
  7589 | D:6      | Found a burning altar of Makhleb.
  7594 | D:6      | Became a worshipper of Xom of Chaos
  7627 | D:6      | XOM: silly message
  8126 | D:6      | XOM: cloud trail
  8613 | D:7      | Found a shimmering altar of Xom.
  8740 | D:7      | Noticed a spriggan baker
  8755 | D:7      | Killed a spriggan baker
  8981 | D:7      | XOM: polymorph hound -> tengu
  9167 | D:7      | XOM: noise
  9272 | D:7      | XOM is BORED!
  9272 | D:7      | XOM: draining
  9424 | D:7      | Found a runed translucent door.
  9425 | D:7      | Found a basalt altar of Yredelemnul.
  9769 | D:7      | XOM: stat loss: -1 Dex (13/15)
 10403 | D:8      | Noticed Pikel
 10408 | D:8      | XOM: confusion (+ monsters)
 10439 | D:8      | XOM: harmless Pois miscast
 10450 | D:8      | XOM: harmless Conj miscast
 10478 | D:7      | XOM: harmless Necr miscast
 10690 | D:8      | XOM: cast spell 'Call Canine Familiar'
 10695 | D:8      | XOM: swap monsters
 10709 | D:8      | XOM: smoke on damage
 10770 | D:7      | XOM: mild Ice miscast
 10889 | D:8      | XOM: fog
 10892 | D:8      | Killed Pikel
 10892 | D:8      | Reached XP level 9. HP: 19/65 MP: 9/18
 10943 | D:8      | XOM: mild Fire miscast
 11504 | D:8      | XOM: god gift: translucent plate armour {god gift}
 11507 | D:8      | Got a translucent plate armour {god gift}
 11702 | D:8      | Found a white marble altar of Elyvilon.
 11702 | D:8      | Found a glowing silver altar of Zin.
 11703 | D:8      | Found a glowing golden altar of the Shining One.
 11770 | D:8      | XOM: summons 3 hostile demons
 12010 | D:9      | XOM: confusion (+ monsters)
 12014 | D:9      | XOM: repel stairs
 12051 | D:9      | XOM: polymorph bullfrog -> centaur
 12072 | D:9      | Reached skill level 8 in Summonings
 12099 | D:9      | XOM: summons 4 hostile shadow creatures
 12164 | D:8      | XOM: harmless Ice miscast
 12186 | D:8      | XOM: medium Tmut miscast
 12381 | D:9      | Found a staircase to the Lair.
 12433 | D:8      | XOM: divination: detect items
 12768 | D:9      | XOM: harmless Tloc miscast
 12806 | D:9      | XOM: cloud trail
 12815 | D:9      | XOM: cast spell 'Metabolic Englaciation'
 12817 | D:9      | XOM: cleaving
 13024 | D:9      | XOM: noise
 13179 | D:9      | XOM: harmless Ice miscast
 13330 | D:10     | Entered Level 10 of the Dungeon
 13433 | D:10     | Noticed Sonja
 13831 | D:10     | Reached skill level 5 in Invocations
 13921 | D:10     | XOM: 1-stop teleportation journey
 13948 | D:10     | XOM: summons 2 hostile shadow creatures
 13970 | D:10     | XOM: swap monsters
 13984 | D:9      | Noticed a spiny frog
 13984 | D:9      | a yak changed into a spiny frog
 13984 | D:9      | XOM: polymorph yak -> spiny frog
 13990 | D:9      | XOM: divination: detect items
 13991 | D:9      | Noticed a harpy
 13991 | D:9      | a yak changed into a harpy
 13991 | D:9      | XOM: polymorph yak -> harpy
 13996 | D:9      | Xom revived you
 13997 | D:9      | HP: 2/66 [harpy (12)]
 13999 | D:9      | Slain by a harpy

Skill      XL: |  1  2  3  4  5  6  7  8  9 |
---------------+----------------------------+-----
Spellcasting   | 5 6 |  6.8
Invocations    | 1 2 3 4 5 |  5.0
Fighting       | 1 2 3 4 |  4.5
Short Blades   | 1 2 3 4 |  4.5
Long Blades    | 1 2 3 4 |  4.5
Axes           | 1 2 3 4 |  4.5
Maces & Flails | 1 2 3 4 |  4.5
Polearms       | 1 2 3 4 |  4.5
Staves         | 1 2 3 4 |  4.5
Slings         | 1 2 3 4 |  4.5
Bows           | 1 2 3 4 |  4.5
Crossbows      | 1 2 3 4 |  4.5
Throwing       | 1 2 3 4 |  4.5
Armour         | 1 2 3 4 |  4.5
Shields        | 1 2 3 4 |  4.5
Unarmed Combat | 1 2 3 4 |  4.5
Evocations     | 1 2 3 4 |  4.5
Conjurations   | 1 2 3 |  3.7
Hexes          | 1 2 3 |  3.7
Charms         | 1 2 3 |  3.7
Necromancy     | 1 2 3 |  3.7
Translocations | 1 2 3 |  3.7
Transmutations | 1 2 3 |  3.7
Fire Magic     | 1 2 3 |  3.7
Ice Magic      | 1 2 3 |  3.7
Air Magic      | 1 2 3 |  3.7
Earth Magic    | 1 2 3 |  3.7
Poison Magic   | 1 2 3 |  3.7
Dodging        | 5 6 |  6.5
Stealth        | 5 6 |  6.2
Summonings     | 8 |  8.1

Action                   |  1- 3 |  4- 6 |  7- 9 || total
-------------------------+-------+-------+-------++-------
Melee: Unarmed           |    15 |     1 |       ||    16
       Whip              |       |       |    12 ||    12
       Headbutt          |       |       |     5 ||     5
       Bite              |       |       |     1 ||     1
 Fire: Blowgun           |       |     1 |    87 ||    88
Throw: Javelin           |       |       |     3 ||     3
 Cast: Summon Small Mamm |    25 |    10 |    32 ||    67
       Call Imp          |    48 |    46 |    73 ||   167
       Call Canine Famil |       |    28 |    77 ||   105
       Summon Lightning  |       |       |     5 ||     5
Evoke: Wand              |       |       |     2 ||     2
  Use: Scroll            |       |       |    15 ||    15
       Potion            |       |       |     4 ||     4
 Stab: Distracted        |       |       |     1 ||     1
  Eat: Chunk             |     6 |    10 |    22 ||    38
       Ration            |       |       |     3 ||     3
Armor: Robe              |     9 |    14 |       ||    23
       Leather armour    |       |       |    93 ||    93
Dodge: Dodged            |    38 |    62 |   192 ||   292
